Map: Blueshift LE

Players

Sketchaphone

  • Race: Zerg Zerg
  • League: Gold
  • Spawn Location: 1:00

BuGsY - Winner!

  • Race: Zerg Zerg
  • League: Gold
  • Spawn Location: 7:00

VOD

Have the link to the VOD?

Description

Time

  • Played on: Nov. 10, 2018, 1:24 p.m.
  • Length: 3:22
Show
View Real Time Build Order
Export as new Build Order

Sketchaphone Zerg 

Build Orders: Hatch First 

Get SALT Encoding   

  12  0:01  Drone  
  13  0:14  Overlord  
  13  0:17  Drone  
  14  0:41  Drone x2  
  16  0:54  Hatchery  
  15  1:08  Spawning Pool  
  14  1:22  Drone  
  14  1:23  Drone  
  14  1:24  Drone  
  17  1:27  Extractor  
  16  1:41  Drone  
  16  1:45  Overlord  
  17  1:55  Queen  
  17  1:56  Drone  
  20  2:13  Drone  
  20  2:14  Drone  
  22  2:21  Queen, Roach Warren  
  23  2:24  Drone  
  24  2:35  Overlord  
  24  2:36  Drone x2  
  26  2:48  Drone  
  26  3:02  Roach  
  30  3:06  Spine Crawler  
  30  3:08  Spine Crawler  
Show
View Real Time Build Order
Export as new Build Order

BuGsY Zerg - Winner!

Build Orders: Hatch First 

Get SALT Encoding   

  12  0:01  Drone  
  13  0:08  Drone  
  13  0:13  Extractor  
  13  0:15  Drone  
  15  0:39  Hatchery  
  14  0:47  Extractor  
  14  0:48  Drone  
  14  1:00  Spawning Pool  
  14  1:03  Drone  
  14  1:15  Overlord  
  14  1:33  Drone x2  
  14  1:34  Drone  
  17  1:50  Metabolic Boost  
  17  1:52  Zergling x4  
  19  2:03  Zergling x4  
  19  2:07  Queen  
  23  2:09  Zergling x2  
  23  2:15  Zergling x2  
  25  2:23  Zergling x4  
  25  2:27  Zergling x2  
  28  2:35  Overlord  
  28  2:52  Overlord  
  28  2:53  Zergling x2  
  29  3:00  Zergling x2  
  29  3:01  Zergling x4  
Tags
 
League
GoldGold
Matchup
ZvZ
Race
Zerg
Replay Pack
init
Spawn Locations
Cross Positions
Add a new tag
Caveats
  • Supply blocks, unpowered buildings, or Contaminate may cause inaccurate times.
  • Supply counts are checked every 10 seconds.